 Dungeon Crawl Stone Soup version 0.21.1-1-g345015fe64 (webtiles) character file.

942 BrokenGlass the Covert (level 8, -2/58 HPs)
             Began as an Octopode Assassin on Mar 26, 2018.
             Killed from afar by an orc wizard (7 damage)
             ... with a magic dart
             ... on level 6 of the Dungeon.
             The game lasted 00:05:00 (5873 turns).

BrokenGlass the Covert (Octopode Assassin)          Turns: 5873, Time: 00:05:01

Health: -2/58      AC:  1    Str: 12    XL:     8   Next: 12%
Magic:  8/8        EV: 13    Int: 14    God:
Gold:   160        SH:  0    Dex: 13    Spells: 7/7 levels left

rFire    . . .     SeeInvis .   u - +3 falchion of Wrath {speed, MR+} (curse)
rCold    . . .     Gourm    .   (no shield)
rNeg     . . .     Faith    .   (helmet restricted)
rPois    .         Spirit   .   (no amulet)
rElec    .         Reflect  .   (no ring)
rCorr    .         Harm     .   (no ring)
MR       +....                  (no ring)
Stlth    +++++.....             (no ring)
HPRegen  0.19/turn              (no ring)
MPRegen  0.11/turn              (no ring)
                                (no ring)
                                (no ring)

@: no status effects
A: almost no armour, stealthy swim, amphibious, 8 rings, constrict 8, camouflage
1, gelatinous body 1
a: no special abilities


You were on level 6 of the Dungeon.
You were not hungry.

You visited 2 branches of the dungeon, and saw 7 of its levels.
You also visited: Sewer.

You collected 160 gold pieces.

Inventory:

Hand Weapons
 a - a +2 dagger
 b - a +0 blowgun
 u - the cursed +3 falchion of Wrath (weapon) {speed, MR+}
   (You found it on level 4 of the Dungeon)

   Attacks with this weapon are significantly faster.
   It affects your resistance to hostile enchantments.
   It has a curse placed upon it.
Missiles
 c - 22 poisoned needles
 d - 2 curare-tipped needles
 i - 82 bolts
 l - 81 arrows
 n - a throwing net (quivered)
Magical Staves
 w - an uncursed staff of cold {unknown}
Scrolls
 e - 2 scrolls of enchant armour {unknown}
 h - 4 scrolls of teleportation
 m - a scroll of amnesia {unknown}
 o - a scroll of fear {unknown}
 v - 2 scrolls of identify
Potions
 g - 2 potions of curing
 j - 2 potions of cancellation {unknown}
 k - 2 potions of degeneration
 q - 2 potions of might
 r - 3 potions of flight
 s - a potion of brilliance {unknown}
 t - a potion of agility
Comestibles
 f - 7 rations


   Skills:
 * Level 6.3 Fighting
 - Level 3.4(3.9) Short Blades
 + Level 2.7(3.5) Long Blades
 - Level 2.0 Throwing
 - Level 1.0 Dodging
 + Level 9.1 Stealth


You had 7 spell levels left.
You didn't know any spells.

Dungeon Overview and Level Annotations

Branches:
Dungeon (6/15)             Temple (1/1) D:4

Altars:
Ashenzari
Cheibriados
Gozag
Makhleb
Nemelex Xobeh
Trog
Uskayaw
Vehumet
Wu Jian
The Shining One

Annotations:
D:3 rzd's ghost, amateur MfSk


Innate Abilities, Weirdness & Mutations

You cannot wear most types of armour.
You are very stealthy in the water. (Stealth+)
You are amphibious.
You can wear up to eight rings at the same time.
You can use your tentacles to constrict eight enemies at once.
Your skin changes colour to match your surroundings (Stealth+).
Your rubbery body absorbs attacks. (AC +1, EV +1)


Message History

Unknown command.
You feel better.
You constrict the orc priest. x2
The orc wizard casts a spell.
The orc wizard blinks!
The orc priest misses you. The orc priest closely misses you.
You hit the orc priest.
The orc priest is severely wounded.
You constrict the orc priest. x2
You kill the orc priest!
Unknown command.
Unknown command.
You barely miss the orc priest.
The orc priest is severely wounded.
You constrict the orc priest.
The orc priest calls down the wrath of Beogh upon you.
Beogh smites you!
* * * LOW HITPOINT WARNING * * *
The orc wizard points at you and mumbles some strange words.
The magic dart hits you!
You die...

#### ####...###
###@)§......
#..)o§......
#......§.o...o
#...............
#...............
#...............
##.............$
...............
..............##


You could see an orc priest and an orc wizard.

Vanquished Creatures
  Edmund (D:5)
  A wyvern skeleton (D:5)
  6 killer bees (D:4)
  A howler monkey (D:4)
  2 hounds
  2 orc wizards
  An orc priest (D:6)
  Terence (D:2)
  3 worker ants
  A hound skeleton (D:4)
  9 adders
  2 shadow imps (D:5)
  2 oozes (Sewer)
  An adder zombie (D:5)
  An adder skeleton (D:5)
  8 worms
  2 dart slugs
  2 leopard geckos
  3 orcs
  5 giant cockroaches
  3 goblins
  7 hobgoblins
  9 jackals
  3 quokkas
  4 ball pythons
  9 bats
  2 frilled lizards
  7 kobolds
  5 rats (D:1)
103 creatures vanquished.

Notes
Turn   | Place    | Note
-------+----------+-------------------------------------------
     0 | D:1      | BrokenGlass the Octopode Assassin began the quest for the Orb.
     0 | D:1      | Reached XP level 1. HP: 14/14 MP: 1/1
   144 | D:1      | Reached XP level 2. HP: 19/19 MP: 2/2
   706 | D:1      | Reached XP level 3. HP: 12/25 MP: 3/3
  1250 | D:2      | Reached skill level 6 in Stealth
  1421 | D:2      | Reached XP level 4. HP: 18/31 MP: 4/4
  1668 | D:2      | Found a snail-covered altar of Cheibriados.
  1776 | D:2      | Noticed Terence
  1778 | D:2      | Killed Terence
  1817 | D:2      | Found a radiant altar of Vehumet.
  1818 | D:2      | Found an ornate altar of the Wu Jian Council.
  2266 | D:3      | Reached XP level 5. HP: 24/36 MP: 5/5
  2360 | D:3      | Found a glowing drain.
  2361 | D:3      | Noticed rzd's ghost (amateur MfSk)
  2369 | Sewer    | Entered a sewer
  2621 | Sewer    | Reached skill level 7 in Stealth
  3173 | D:4      | Found a glowing golden altar of the Shining One.
  3213 | D:4      | Found a staircase to the Ecumenical Temple.
  3232 | Temple   | Entered the Ecumenical Temple
  3302 | D:4      | Reached XP level 6. HP: 43/43 MP: 6/6
  3314 | D:4      | Found a sparkling altar of Nemelex Xobeh.
  3315 | D:4      | Found an opulent altar of Gozag.
  3693 | D:4      | Reached skill level 8 in Stealth
  3799 | D:4      | Got a brightly glowing falchion
  3800 | D:4      | Identified the cursed +3 falchion of Wrath {speed, MR+} (You found it on level 4 of the Dungeon)
  3941 | D:4      | Found a hide-covered altar of Uskayaw.
  3941 | D:4      | Found a shattered altar of Ashenzari.
  4003 | D:5      | Entered Level 5 of the Dungeon
  4015 | D:4      | Reached XP level 7. HP: 30/49 MP: 7/7
  4187 | D:4      | Reached skill level 5 in Fighting
  4187 | D:4      | Reached skill level 1 in Long Blades
  4398 | D:5      | Noticed Edmund
  4893 | D:5      | Found a bloodstained altar of Trog.
  5025 | D:5      | Found a sparkling altar of Nemelex Xobeh.
  5237 | D:5      | Killed Edmund
  5237 | D:5      | Reached skill level 9 in Stealth
  5435 | D:5      | Reached XP level 8. HP: 33/57 MP: 8/8
  5873 | D:6      | Killed from afar by an orc wizard

Skill      XL: |  1  2  3  4  5  6  7 |
---------------+----------------------+-----
Stealth        | 6 7 8 9 |  9.1
Fighting       | 3 4 6 |  6.3
Short Blades   | 3 |  3.4
Long Blades    | 2 |  2.7
Throwing       | |  2.0
Dodging        | |  1.0

Action                   |  1- 3 |  4- 6 |  7- 9 || total
-------------------------+-------+-------+-------++-------
Melee: Dagger            |    66 |   120 |       ||   186
       Constrict         |    15 |    29 |    16 ||    60
       Tentacles         |     9 |    26 |    18 ||    53
       Falchion          |       |     6 |    57 ||    63
  Use: Scroll            |       |     5 |     1 ||     6
       Potion            |       |       |     2 ||     2
 Stab: Sleeping          |    12 |    16 |     3 ||    31
  Eat: Chunk             |     1 |     8 |       ||     9
       Ration            |       |       |     2 ||     2
Armor: Skin              |     2 |    23 |     1 ||    26
Dodge: Dodged            |    34 |   116 |    43 ||   193
       Rpst.: Falchion   |       |     5 |    16 ||    21
